 Dungeon Crawl Stone Soup version 0.20-a0-1015-g2ec8a95 (webtiles) character file.

686118 hittemvvvvvhard the Intangible (level 27, -3/238 HPs)
             Began as a Merfolk Gladiator on Apr 14, 2017.
             Was a Priest of Elyvilon.
             Slain by a green draconian monk (12 damage)
             ... on level 5 of the Realm of Zot on Apr 15, 2017.
             The game lasted 06:35:00 (120435 turns).

hittemvvvvvhard the Intangible (MfGl)             Turns: 120435, Time: 06:35:01

Health: -3/238     AC: 33    Str: 22    XL:     27
Magic:  0/12       EV: 35    Int:  7    God:    Elyvilon [***...]
Gold:   137        SH:  0    Dex: 30    Spells: 20/26 levels left

rFire    + + +     SeeInvis .   b - +3 glaive (antimagic)
rCold    + . .     Gourm    .   (shield currently unavailable)
rNeg     . . .     Faith    .   L - +6 fire dragon scales {Xtahua}
rPois    .         Spirit   +   V - +2 hat
rElec    .         Reflect  .   v - +2 cloak {rC+}
rCorr    .         Harm     .   M - +0 pair of gloves "Dinn" {rC+ Stlth+}
MR       +++..                  g - +2 pair of boots {Fly}
Stlth    +.........             A - amulet of guardian spirit
Regen    0.5/turn               X - +6 ring of protection
MPRegen  0.2/turn               Z - ring "Dawa" {rF+ MR+ Str+2 Dex+7}

@: silence, protection, corroded, hasted, very quick
A: change form in water, swift swim, stealthy swim, horns 1, sense surroundings
1, wild magic 1
}: 3/15 runes: barnacled, silver, gossamer
a: Renounce Religion, Evoke Flight


You were on level 5 of the Realm of Zot.
You worshipped Elyvilon.
Elyvilon was most pleased with you.
You were full.

You visited 11 branches of the dungeon, and saw 52 of its levels.
You also visited: Bailey and Ice Cave.

You collected 6405 gold pieces.
You spent 6268 gold pieces at shops.

Inventory:

Hand Weapons
 a - a +9 glaive of protection
 b - a +3 antimagic glaive (weapon)
 c - the +0 glaive "Gaef Dos" {chop, rElec rF+ Int+4}
   (You acquired it on level 4 of the Shoals)

   It inflicts extra damage upon your enemies.
   It affects your intelligence (+4).
   It protects you from fire.
   It insulates you from electricity.
Missiles
 j - 16 throwing nets {!f}
 E - 5 javelins
 G - 10 silver javelins (quivered)
Armour
 g - a +2 pair of boots of flying (worn)
 v - a +2 cloak of cold resistance (worn)
 L - +6 fire dragon scales (worn) {Xtahua}
 M - the +0 pair of gloves "Dinn" (worn) {rC+ Stlth+}
   (You found it on level 11 of the Dungeon)

   It protects you from cold.
   It makes you more stealthy.
 V - a +2 hat (worn)
Jewellery
 A - an amulet of guardian spirit (around neck)
 C - an uncursed ring of see invisible
 X - a +6 ring of protection (left hand)
 Z - the ring "Dawa" (right hand) {rF+ MR+ Str+2 Dex+7}
   (You found it on level 4 of the Shoals)

   [ring of protection from magic]

   It affects your strength (+2).
   It affects your dexterity (+7).
   It protects you from fire.
   It affects your resistance to hostile enchantments.
Wands
 d - a wand of digging (13/24)
 f - a wand of flame (33/48)
 k - a wand of acid (5/15)
 r - a wand of lightning (1/15)
 s - a wand of scattershot (3/9)
 F - a wand of enslavement (13/24)
 H - a wand of paralysis (1/24)
 N - a wand of iceblast (6/15)
 R - a wand of acid (10/15)
 W - a wand of iceblast (10/15)
 Y - a wand of confusion (10/48)
Scrolls
 m - 6 scrolls of magic mapping
 n - 3 scrolls of fear
 q - 2 scrolls of blinking
 w - 11 scrolls of teleportation
 B - 2 scrolls of identify
 J - 2 scrolls of silence
 K - 6 scrolls of fog
Potions
 h - 8 potions of mutation
 l - 5 potions of cancellation
 o - a potion of flight
 p - 2 potions of ambrosia
 t - a potion of berserk rage
 u - 4 potions of magic
 x - 9 potions of curing
 y - 4 potions of resistance
 z - 3 potions of agility
 P - 3 potions of might
 T - 2 potions of haste
Miscellaneous
 i - a lightning rod (4/4)
 D - a lightning rod (4/4)
 I - a lamp of fire
 O - a phial of floods
 S - a sack of spiders
 U - a fan of gales
Comestibles
 e - 8 bread rations


   Skills:
 + Level 24.0 Fighting
 - Level 20.4 Polearms
 + Level 11.9 Throwing
 + Level 17.5 Armour
 O Level 27 Dodging
 - Level 6.1 Summonings
 - Level 17.6 Ice Magic
 - Level 15.0 Invocations
 + Level 19.2 Evocations


You had 20 spell levels left.
You knew the following spells:

 Your Spells              Type           Power        Failure   Level  Hunger
a - Summon Ice Beast      Ice/Summ       ###.....     14%         4    #####..
b - Ensorcelled Hibernat  Hex/Ice        ###...       8%          2    ###....


Dungeon Overview and Level Annotations

Branches:
Dungeon (15/15)            Temple (1/1) D:5            Lair (6/6) D:11
 Shoals (4/4) Lair:2       Spider (4/4) Lair:3        Slime (0/5) Lair:6
    Orc (2/2) D:11            Elf (3/3) Orc:2        Vaults (5/5) D:13
  Crypt (2/3) Vaults:3     Depths (5/5) D:15            Zot (5/5) Depths:5

Altars:
Ashenzari
Cheibriados
Dithmenos
Elyvilon
Fedhas
Gozag
Hepliaklqana
Kikubaaqudgha
Makhleb
Nemelex Xobeh
Okawaru
Qazlal
Ru
Sif Muna
Trog
Uskayaw
Vehumet
Wu Jian
Xom
Yredelemnul
Zin
The Shining One
Beogh
Jiyva

Shops:
D:6 !   D:9 !   D:10 =   Orc:2 !((*   Elf:3 !=%*=   Vaults:1 (   Vaults:3 [

Portals:
Hell: Depths:1 Depths:2 Depths:3 Depths:5
Abyss: Depths:2 Depths:4
Pandemonium: Depths:3
Ziggurat: Depths:5

Annotations:
Lair:5 Rupert
Lair:6 exclusion: oklob plant
Spider:1 exclusion: downstairs
Spider:2 Nikola
Elf:3 exclusion: 2 doors
Crypt:1 exclusion: downstairs
Depths:4 exclusion: 2 orange crystal statues
Depths:5 exclusion: downstairs
Zot:2 exclusions: upstairs and 1 more exclusion
Zot:4 exclusion: 2 upstairs
Zot:5 exclusion: 2 upstairs


Innate Abilities, Weirdness & Mutations

You revert to your normal form in water.
You are very nimble and swift while swimming.
You are very stealthy in the water. (Stealth+)
You have a pair of small horns on your head.
You passively map a small area around you.
Your spells are a little harder to cast, but a little more powerful.


Message History

Okay, then.
Evoke which item? (* to show all) (? for menu, Esc to quit)
Okay, then.
Remove which piece of jewellery? (? for menu, Esc to quit)
Okay, then.
As you read the scroll of silence, it crumbles to dust.
A profound silence engulfs you.
The yellow draconian stormcaller completely misses you.
The green draconian monk hits you but does no damage.
The green draconian monk barely misses you.
The green draconian monk tail-slaps you but does no damage.
The green draconian monk completely misses you.
Okay, then.
You feel better. The ancient lich barely misses you.
The yellow draconian stormcaller completely misses you.
The ancient lich touches you but does no damage.
There is an open door here.
The yellow draconian annihilator barely misses you.
The green draconian monk hits you!
You die...

#........##..# #.)###.# #
#........##..# ###).# #.# #
#........##..###.)..# #.# #
#......(.##..[......# #.# #
#........###.##.'D#####.# #
#........# #.#.d.<...##.# #
#........# #..#Lq{...##.# #
#........# #..'qq....##.#########
*,,,,,,,,*#..##.@..(.'...........
*,,,,,,,.'...##......#.##########
*,,,,,,...###*#......##.
*,,,,,...# #......# ******###*
########


You could see a green draconian monk, a golden dragon, an ancient lich, a green
draconian, a yellow draconian stormcaller and a yellow draconian annihilator.

Vanquished Creatures
  2 orbs of fire (Zot:2)
  6 ancient liches
  Saint Roka (Vaults:4)
  Xtahua (Vaults:2)
  3 curse toes
  2 Killer Klowns
  5 caustic shrikes
  2 bone dragons
  8 golden dragons
  Jorgrun (Vaults:4)
  A Tzitzimitl (Depths:4)
  4 liches
  13 tentacled monstrosities
  5 electric golems
  4 Orb Guardians (Zot:5)
  A deep elf blademaster (Elf:2)
  4 quicksilver dragons
  6 titans
  2 death cobs
  Polyphemus (Shoals:3)
  A kraken (Shoals:2)
  Gastronok (D:9)
  A sphinx (Vaults:4)
  14 shadow dragons
  12 storm dragons
  Roxanne (D:14)
  5 tengu reavers
  Ilsuiw (Shoals:4)
  Donald (Elf:1)
  3 draconian monks
  15 fire giants
  An iron dragon (Vaults:4)
  6 ghost moths
  13 frost giants
  5 emperor scorpions (Spider:4)
  4 draconian knights
  5 draconian shifters
  A ghoul (Vaults:1)
  4 draconian scorchers
  22 vault wardens
  A deep elf elementalist (Elf:3)
  A juggernaut zombie (Depths:1)
  A caustic shrike zombie (Depths:2)
  A spriggan defender (Depths:2)
  2 draconian stormcallers (Zot:2)
  18 ironheart preservers
  23 stone giants
  6 war gargoyles
  30 very ugly things
  4 draconian annihilators
  3 vampire knights
  2 entropy weavers
  5 green draconians
  4 deep elf demonologists
  2 dire elephants (Depths:3)
  3 deep elf annihilators
  4 red draconians
  3 black draconians
  8 purple draconians
  7 yellow draconians
  6 white draconians
  16 spark wasps
  The ghost of pedritolo the Slicer, a journeyman VSFi of Gozag (Depths:1)
  A crystal guardian (Vaults:2)
  11 ettins
  A blizzard demon (Depths:2)
  12 merfolk javelineers
  Snorg (D:11)
  3 jiangshi (Depths:2)
  2 deep elf death magi
  A minotaur (shapeshifter) (Vaults:5)
  A minotaur (Shoals:1)
  18 yaktaur captains
  13 great orbs of eyes
  Josephine (Lair:5)
  8 deep elf high priests
  16 fire dragons
  16 merfolk impalers
  A hell beast (Depths:2)
  8 rakshasas
  12 hydras
  50 vault guards
  24 ice dragons
  A hydra (shapeshifter) (Vaults:2)
  3 spriggan air magi
  3 merfolk aquamancers
  2 alligator snapping turtles (Shoals:4)
  11 centaur warriors
  5 catoblepae
  5 merfolk avatars
  A two-headed ogre (shapeshifter) (Depths:4)
  40 two-headed ogres
  23 death yaks
  4 death knights
  5 satyrs
  Erica (D:10)
  3 tengu warriors
  13 deep troll earth magi
  5 deep troll shamans
  17 ogre magi
  3 vampire magi
  The ghost of pedritolo the Slicer, a journeyman VSMo of Okawaru (D:11)
  4 spriggan berserkers
  32 dancing weapons
  2 spriggans
  A shock serpent (shapeshifter) (Depths:4)
  26 deep elf knights
  Sonja (D:11)
  4 iron trolls
  A titan skeleton (Vaults:5)
  A soul eater (Depths:4)
  7 hell knights
  A fire crab (shapeshifter) (Vaults:1)
  5 shadow wraiths
  2 death drakes (Depths:4)
  A sixfirhy (D:7)
  A spectral anaconda (Depths:4)
  A storm dragon skeleton (Vaults:5)
  2 salamander mystics
  31 deep trolls
  A golden dragon zombie (Depths:3)
  7 glowing orange brains
  An unseen horror (shapeshifter) (Vaults:2)
  7 skeletal warriors
  12 wizards
  2 spectral hydras (Depths:4)
  5 unseen horrors
  11 sea snakes
  21 ironbrand convokers
  4 phantasmal warriors
  16 deep elf archers
  6 flayed ghosts
  A wolf spider zombie (Crypt:1)
  A lindwurm (shapeshifter) (Depths:1)
  24 harpies
  2 tengu zombies
  8 necromancers
  25 orb spiders
  Pikel (D:5)
  11 orc knights
  3 mana vipers (Depths:4)
  3 orc sorcerers
  2 stone giant zombies
  A cyclops (shapeshifter) (Vaults:1)
  19 manticores
  3 oklob plants
  13 fauns
  63 deep elf magi
  49 wolf spiders
  6 salamanders
  A mana viper (shapeshifter) (D:15)
  50 ugly things
  12 cyclopes
  An elephant (shapeshifter) (Depths:5)
  2 salamanders (shapeshifter)
  14 elephants
  4 black mambas
  A rust devil (Depths:2)
  A centaur zombie (D:15)
  10 merfolk sirens
  2 human skeletons
  12 water nymphs
  A water nymph (shapeshifter) (Vaults:2)
  A dire elephant zombie (Crypt:1)
  23 vault sentinels
  13 moths of wrath
  8 gargoyles
  3 ice statues
  15 spiny frogs
  An elephant slug zombie (Crypt:1)
  A spiny frog (shapeshifter) (Depths:1)
  A torpor snail (Lair:6)
  5 spectral swamp worms
  A catoblepas zombie (Crypt:1)
  5 komodo dragons
  2 kobold demonologists
  60 yaktaurs
  17 freezing wraiths
  15 demonic crawlers
  A komodo dragon (shapeshifter) (Vaults:4)
  3 spectral merfolk (Depths:4)
  3 ice devils (Depths:2)
  A queen bee (shapeshifter) (Vaults:1)
  6 trolls
  2 meliai (shapeshifter)
  A red devil (Depths:2)
  A tengu conjurer (Depths:1)
  A queen bee (Spider:3)
  A wolf spider simulacrum (IceCv)
  6 meliai
  2 polar bears (shapeshifter)
  3 wind drakes
  2 jumping spiders (shapeshifter)
  25 jumping spiders
  47 merfolk
  15 hornets
  4 blink frogs
  25 slime creatures
  A hippogriff (shapeshifter) (Vaults:1)
  A fire dragon zombie (Depths:1)
  2 raiju (Depths:4)
  A fire giant simulacrum (Depths:1)
  11 dream sheep
  14 hippogriffs
  An alligator zombie (Crypt:1)
  An ettin zombie (Depths:2)
  16 snapping turtles
  3 human simulacra (Vaults:2)
  An iron dragon simulacrum (Crypt:1)
  6 flying skulls (Crypt:1)
  2 spriggan skeletons
  A redback (shapeshifter) (Vaults:5)
  79 redbacks
  23 water elementals
  A spriggan (shapeshifter) (Vaults:1)
  22 wraiths
  Sigmund (D:6)
  7 air elementals
  6 shadows
  The ghost of feelmyfire the Magician, an amateur DECj (D:3)
  7 vampires
  2 elf zombies
  35 yaks
  A tarantella (shapeshifter) (Vaults:4)
  32 tarantellas
  A basilisk (shapeshifter) (Vaults:4)
  6 basilisks
  Grum (D:10)
  A wyvern (shapeshifter) (Vaults:1)
  A golden eye (shapeshifter) (Vaults:4)
  A spriggan simulacrum (Depths:3)
  A yaktaur simulacrum (Vaults:2)
  2 fire bats (shapeshifter)
  A hungry ghost (D:13)
  12 wyverns
  3 vampire mosquitoes (D:14)
  Menkaure (D:7)
  A warg (Depths:4)
  3 acid dragons
  A hydra simulacrum (Depths:4)
  10 soldier ants
  A spiny frog zombie (Crypt:1)
  8 porcupines
  2 floating eyes (shapeshifter)
  7 hell hounds
  A monstrous demonspawn skeleton (Crypt:1)
  13 water moccasins
  2 floating eyes (Depths:4)
  An infernal demonspawn skeleton (Crypt:1)
  An ice beast (shapeshifter) (Depths:1)
  A spectral spriggan (Depths:4)
  65 orc warriors
  7 phantoms
  A spectral troll (Depths:4)
  2 slaves (D:5)
  A snapping turtle zombie (Depths:4)
  An eye of draining (D:8)
  4 sky beasts
  6 black bears
  An ettin simulacrum (Depths:2)
  A necrophage (D:10)
  8 ice beasts
  8 boggarts
  An eye of draining (shapeshifter) (D:14)
  A blink frog zombie (Crypt:1)
  2 tengu (shapeshifter) (Vaults:2)
  47 ogres
  18 wolves
  34 centaurs
  11 crocodiles
  A human zombie (Vaults:4)
  16 bullfrogs
  4 big kobolds
  2 wyvern zombies
  2 gnoll sergeants (D:6)
  6 earth elementals
  A merfolk simulacrum (Depths:4)
  2 scorpions
  4 spectral nagas (Depths:4)
  An elephant simulacrum (IceCv)
  17 killer bees
  6 wights
  A spectral ogre (Depths:4)
  7 electric eels
  4 howler monkeys
  2 spectral centaurs (Depths:4)
  8 crimson imps
  A quasit (D:12)
  3 hounds
  8 jellies
  6 bullfrog skeletons
  27 orc wizards
  A gnoll shaman (D:8)
  16 orc priests
  2 draconian simulacra (IceCv)
  8 centaur skeletons
  Terence (D:3)
  4 iguanas
  8 troll simulacra (IceCv)
  9 worker ants
  A polar bear simulacrum (IceCv)
  A wolf simulacrum (IceCv)
  A killer bee zombie (D:10)
  A centaur simulacrum (IceCv)
  A hound zombie (D:11)
  A hound skeleton (D:7)
  2 worker ant zombies
  17 gnolls
  6 naga simulacra (IceCv)
  19 adders
  3 ogre simulacra (IceCv)
  5 shadow imps
  12 white imps (IceCv)
  An adder skeleton (D:10)
  2 adder zombies
  An iguana skeleton (Crypt:1)
  8 worms
  2 dart slugs (D:1)
  8 leopard geckos
  A leopard gecko (shapeshifter) (Depths:1)
  139 orcs
  5 giant cockroaches
  6 goblins
  8 hobgoblins
  7 jackals
  31 kobolds
  4 quokkas
  A ball python (D:2)
  8 bats
  A dart slug zombie (Crypt:1)
  5 frilled lizards
  A gnoll skeleton (Crypt:1)
  A quokka zombie (D:7)
  11 rats
  2 fungi (D:11)
  4 plants
  3 tentacles (Shoals:2)
2655 creatures vanquished.

Vanquished Creatures (collateral kills)
  An ancient lich (Zot:5)
  A lich (Vaults:3)
  A quicksilver dragon (Zot:4)
  A sphinx (Vaults:4)
  A storm dragon (Zot:4)
  A frost giant (Vaults:3)
  2 vault wardens (Vaults:3)
  A draconian shifter (Zot:4)
  An ironheart preserver (Vaults:2)
  A yellow draconian (Zot:4)
  A red draconian (Zot:4)
  A hydra (Lair:6)
  2 vault guards
  4 two-headed ogres
  A dancing weapon (Elf:1)
  3 ogre magi
  A deep elf knight (Elf:1)
  3 deep trolls
  A skeletal warrior (Vaults:4)
  A flayed ghost (Depths:5)
  A phantasmal warrior (Vaults:4)
  An orc knight (Vaults:3)
  3 ironbrand convokers
  2 salamanders (Depths:1)
  A cyclops (Vaults:2)
  A vault sentinel (Vaults:2)
  3 freezing wraiths
  3 yaktaurs
  3 ogres
  A centaur (Vaults:4)
48 creatures vanquished.

Vanquished Creatures (others)
  A fire giant (Vaults:3)
  A ghost moth (Zot:5)
  A slime creature (Vaults:2)
  A redback (Spider:4)
  A hog (shapeshifter) (Vaults:3)
  A warg (Vaults:3)
  A water moccasin (Lair:6)
  An ogre (Vaults:2)
  A centaur (Vaults:2)
  A crocodile (Lair:6)
  A wight (Depths:4)
  A quokka (D:8)
  13 bushes
  21 fungi
  63 plants
  6 tentacles (Shoals:2)
  10 toadstools (Lair:2)
125 creatures vanquished.

Grand Total: 2828 creatures vanquished

Notes
Turn   | Place    | Note
-------+----------+-------------------------------------------
     0 | D:1      | hittemvvvvvhard the Merfolk Gladiator began the quest for the Orb.
     0 | D:1      | Reached XP level 1. HP: 16/16 MP: 1/1
   200 | D:1      | Reached XP level 2. HP: 21/23 MP: 2/2
   246 | D:1      | Reached skill level 5 in Polearms
   925 | D:1      | Reached XP level 3. HP: 26/28 MP: 3/3
  1158 | D:2      | Found a white marble altar of Elyvilon.
  1471 | D:2      | Found a basalt altar of Yredelemnul.
  1825 | D:2      | Found a blossoming altar of Fedhas.
  1837 | D:2      | Found a deep blue altar of Sif Muna.
  1904 | D:2      | Reached XP level 4. HP: 35/35 MP: 4/4
  2882 | D:2      | Became a worshipper of Elyvilon the Healer
  2914 | D:2      | Reached XP level 5. HP: 41/41 MP: 5/5
  3242 | D:3      | Noticed Terence
  3269 | D:3      | Killed Terence
  3475 | D:3      | Noticed feelmyfire's ghost (amateur DECj)
  3819 | D:4      | Reached * piety under Elyvilon
  4026 | D:4      | Reached XP level 6. HP: 48/48 MP: 6/6
  4396 | D:5      | Entered Level 5 of the Dungeon
  4875 | D:5      | Noticed a sky beast
  4882 | D:5      | Killed a sky beast
  4907 | D:5      | Reached skill level 1 in Armour
  4931 | D:5      | Reached XP level 7. HP: 47/55 MP: 7/7
  5165 | D:5      | Reached ** piety under Elyvilon
  5176 | D:5      | Noticed Menkaure
  5347 | D:5      | Reached skill level 5 in Fighting
  5823 | D:5      | Found a staircase to the Ecumenical Temple.
  5936 | D:6      | Found a hide-covered altar of Uskayaw.
  6022 | D:6      | Noticed a hand axe
  6023 | D:6      | Noticed a hand axe
  6044 | D:6      | Reached skill level 5 in Dodging
  6056 | D:6      | Reached skill level 10 in Polearms
  6112 | D:6      | Noticed Sigmund
  6190 | D:6      | Noticed Pikel
  6291 | D:5      | Killed Pikel
  6291 | D:5      | Reached XP level 8. HP: 40/64 MP: 8/8
  6494 | D:6      | Found Noyblalu's Distillery.
  6502 | D:6      | Bought a potion of haste for 140 gold pieces
  6502 | D:6      | Bought a potion of haste for 140 gold pieces
  6640 | D:6      | Reached *** piety under Elyvilon
  6680 | D:6      | Reached skill level 6 in Dodging
  6812 | D:6      | Found a glowing silver altar of Zin.
  6931 | D:6      | Reached skill level 1 in Invocations
  6996 | D:6      | Noticed a hornet
  7002 | D:6      | Killed a hornet
  7002 | D:6      | Reached XP level 9. HP: 66/69 MP: 8/10
  7368 | D:6      | Killed Sigmund
  7753 | D:7      | Found a shadowy altar of Dithmenos.
  7833 | D:7      | Found a runed door.
  7834 | D:7      | Found an ancient bone altar of Kikubaaqudgha.
  7847 | D:7      | Reached skill level 7 in Dodging
  7848 | D:7      | Noticed a sixfirhy
  7904 | D:7      | Reached **** piety under Elyvilon
  7931 | D:7      | Found a white marble altar of Elyvilon.
  8044 | D:7      | Killed Menkaure
  9038 | D:8      | Noticed a two-headed ogre
  9054 | D:8      | Killed a two-headed ogre
  9054 | D:8      | Reached XP level 10. HP: 75/79 MP: 10/13
  9141 | D:8      | Reached skill level 8 in Dodging
  9527 | D:9      | Noticed Gastronok
  9578 | D:9      | Killed Gastronok
  9578 | D:9      | Reached skill level 5 in Invocations
  9821 | D:9      | Reached ***** piety under Elyvilon
 10007 | D:9      | Found Afaewnat's Distillery.
 10012 | D:9      | Bought a potion of heal wounds for 70 gold pieces
 10012 | D:9      | Bought a potion of might for 56 gold pieces
 10087 | D:9      | Found a hazy altar of Hepliaklqana.
 10170 | D:10     | Entered Level 10 of the Dungeon
 10248 | D:10     | Reached XP level 11. HP: 69/87 MP: 12/15
 10440 | D:10     | Reached skill level 9 in Dodging
 10466 | D:10     | Noticed Erica
 10466 | D:10     | Noticed a two-headed ogre
 10560 | D:10     | Killed a two-headed ogre
 10560 | D:10     | Reached skill level 15 in Polearms
 10587 | D:10     | Killed Erica
 10587 | D:10     | Reached skill level 5 in Armour
 10643 | D:10     | Found Ilum's Jewellery Shoppe.
 11268 | D:11     | Noticed a cyclops
 11512 | D:11     | Noticed Snorg
 11673 | D:11     | Noticed Sonja
 11733 | D:11     | Noticed pedritolo's ghost (journeyman VSMo)
 12065 | D:11     | Noticed Grum
 12292 | D:10     | Killed Grum
 12592 | D:10     | Noticed a manticore
 12607 | D:10     | Killed a manticore
 13165 | D:11     | Reached skill level 10 in Dodging
 13922 | D:11     | Killed a cyclops
 13981 | D:11     | Killed Snorg
 14144 | D:11     | Found a staircase to the Lair.
 14145 | D:11     | Got a pair of faintly humming gloves
 14189 | D:11     | Reached XP level 12. HP: 95/95 MP: 17/17
 14477 | D:11     | Found a staircase to the Orcish Mines.
 14581 | Orc:1    | Entered Level 1 of the Orcish Mines
 14996 | Lair:1   | Entered Level 1 of the Lair of Beasts
 15065 | Lair:1   | Reached skill level 1 in Evocations
 15172 | Lair:1   | Found a frozen archway.
 15173 | Lair:1   | Noticed a seven-headed hydra
 15182 | Lair:1   | Identified the cursed +0 pair of gloves "Dinn" {rC+ Stlth+} (You found it on level 11 of the Dungeon)
 15207 | Lair:1   | Killed a seven-headed hydra
 15241 | IceCv    | Entered an ice cave
 15884 | IceCv    | Found an ancient bone altar of Kikubaaqudgha.
 16171 | IceCv    | Reached skill level 11 in Dodging
 16807 | Lair:1   | Reached skill level 10 in Fighting
 17470 | Lair:2   | Found a staircase to the Shoals.
 17687 | Lair:2   | Reached XP level 13. HP: 74/103 MP: 14/19
 17757 | Lair:2   | Found a blossoming altar of Fedhas.
 18242 | Lair:2   | Got a scorched bone amulet
 18397 | Lair:2   | Identified the amulet "Maomexzu" {Faith -Tele rPois rC+++ rN+} (You found it on level 2 of the Lair of Beasts)
 19013 | Lair:3   | Got a heavily runed plate armour
 19030 | Lair:3   | Identified the +0 plate armour "Wearid" {Str+4 Stlth+} (You found it on level 3 of the Lair of Beasts)
 19083 | Lair:3   | Found a hole to the Spider Nest.
 19512 | Lair:3   | Reached skill level 12 in Dodging
 20870 | Lair:4   | Reached skill level 5 in Evocations
 22188 | Lair:5   | Noticed Josephine
 22206 | Lair:5   | Killed Josephine
 22600 | Lair:5   | Reached XP level 14. HP: 113/113 MP: 21/21
 22667 | Lair:5   | Reached skill level 13 in Dodging
 22684 | Lair:5   | Reached skill level 10 in Invocations
 23435 | Lair:5   | Noticed Rupert
 23454 | Lair:5   | Paralysed by Rupert for 6 turns
 23941 | Lair:6   | Entered Level 6 of the Lair of Beasts
 23941 | Lair:6   | Found a staircase to the Slime Pits.
 23941 | Lair:6   | Found a viscous altar of Jiyva.
 25539 | Lair:6   | Reached skill level 14 in Dodging
 26155 | Lair:6   | Reached XP level 15. HP: 101/122 MP: 11/23
 27229 | D:11     | Killed pedritolo's ghost
 27330 | Orc:2    | Entered Level 2 of the Orcish Mines
 27519 | Orc:2    | Found a staircase to the Elven Halls.
 28999 | Orc:2    | Found Ukoik's Antique Weapon Shop.
 28999 | Orc:2    | Found Fewe's Weapon Emporium.
 29002 | Orc:2    | Found Wiphoxt's Distillery.
 29004 | Orc:2    | Found Seulateu's Assorted Antiques.
 29020 | Orc:2    | Bought a potion of haste for 120 gold pieces
 29020 | Orc:2    | Bought a potion of heal wounds for 60 gold pieces
 29482 | Orc:1    | Found a roughly hewn altar of Beogh.
 29847 | D:11     | Reached skill level 15 in Dodging
 30167 | D:3      | Killed feelmyfire's ghost
 32214 | D:13     | Found a gate to the Vaults.
 32448 | D:13     | Found a flagged portal.
 32884 | Bailey   | Entered a bailey
 34406 | D:13     | Reached XP level 16. HP: 53/132 MP: 12/24
 35266 | D:14     | Noticed Roxanne
 35297 | D:14     | Killed Roxanne
 35299 | D:14     | Identified Roxanne's Almanac of Stones (You took it off Roxanne on level 14 of the Dungeon)
 35937 | D:14     | Reached skill level 16 in Dodging
 35937 | D:14     | Reached XP level 17. HP: 139/139 MP: 25/25
 36367 | D:15     | Entered Level 15 of the Dungeon
 36541 | D:15     | Found a shimmering altar of Xom.
 36968 | D:15     | Found a staircase to the Depths.
 37717 | Spider:1 | Entered Level 1 of the Spider Nest
 38987 | Spider:1 | Identified a scroll of acquirement
 39815 | Spider:2 | Noticed Nikola
 40904 | Spider:3 | Reached skill level 5 in Throwing
 42376 | Spider:3 | Reached XP level 18. HP: 135/147 MP: 24/27
 42687 | Spider:3 | Reached skill level 17 in Dodging
 42980 | Spider:4 | Entered Level 4 of the Spider Nest
 44128 | Spider:4 | Reached skill level 10 in Evocations
 44311 | Spider:4 | Reached skill level 15 in Fighting
 46407 | Spider:4 | Reached skill level 18 in Dodging
 46921 | Spider:4 | Got a gossamer rune of Zot
 47651 | Temple   | Entered the Ecumenical Temple
 47974 | Vaults:1 | Entered Level 1 of the Vaults
 48058 | Shoals:1 | Entered Level 1 of the Shoals
 48766 | Shoals:1 | Found a hide-covered altar of Uskayaw.
 48834 | Shoals:1 | Reached XP level 19. HP: 155/155 MP: 28/28
 52940 | Shoals:3 | Reached skill level 19 in Dodging
 53588 | Shoals:4 | Entered Level 4 of the Shoals
 53646 | Shoals:4 | Found a sparkling altar of Nemelex Xobeh.
 53651 | Shoals:4 | Noticed Ilsuiw
 53674 | Shoals:4 | Killed Ilsuiw
 53879 | Shoals:4 | Noticed Polyphemus
 54381 | Shoals:3 | Killed Polyphemus
 54381 | Shoals:3 | Reached skill level 10 in Armour
 55436 | Shoals:4 | Got a slimy glaive
 55437 | Shoals:4 | Identified the +0 glaive "Gaef Dos" {chop, rElec rF+ Int+4} (You acquired it on level 4 of the Shoals)
 55453 | Shoals:4 | Got a barnacled rune of Zot
 55530 | Shoals:4 | Reached XP level 20. HP: 65/164 MP: 15/30
 56080 | Shoals:4 | Got a bloodstained trident
 56081 | Shoals:4 | Identified the cursed +0 trident "Zuj Pece" {pain, rN++ Str-5} (You found it on level 4 of the Shoals)
 57680 | Shoals:4 | Got a flickering iron ring
 57682 | Shoals:4 | Identified the ring "Dawa" {rF+ MR+ Str+2 Dex+7} (You found it on level 4 of the Shoals)
 57878 | D:11     | Killed Sonja
 58350 | Vaults:1 | Got an ancient platinum ring
 58352 | Vaults:1 | Identified the ring of the Seeker {rElec rF+ Str+4 Dex+2} (You found it on level 1 of the Vaults)
 58373 | Vaults:1 | Reached skill level 20 in Dodging
 59578 | Vaults:1 | Found Ysouh's Antique Weapon Shoppe.
 61424 | Vaults:2 | Reached XP level 21. HP: 159/172 MP: 29/32
 61692 | Vaults:1 | Reached skill level 21 in Dodging
 62581 | Vaults:2 | Learned a level 4 spell: Summon Ice Beast
 62671 | Vaults:1 | Reached skill level 15 in Invocations
 63150 | Vaults:2 | Reached skill level 1 in Summonings
 63259 | Vaults:2 | Reached skill level 1 in Ice Magic
 63275 | Vaults:2 | Noticed Xtahua
 64341 | Vaults:2 | Reached skill level 5 in Ice Magic
 64363 | Vaults:2 | Killed Xtahua
 66608 | Vaults:3 | Found Ceud's Armour Boutique.
 67237 | Vaults:3 | Found a shadowy altar of Dithmenos.
 67461 | Vaults:3 | Reached XP level 22. HP: 163/181 MP: 30/33
 67820 | Vaults:3 | Found a staircase to the Crypt.
 67946 | Vaults:4 | Reached skill level 10 in Ice Magic
 68627 | Vaults:4 | Reached skill level 5 in Summonings
 69814 | Vaults:4 | Noticed Jorgrun
 69849 | Vaults:4 | Killed Jorgrun
 70052 | Vaults:4 | Reached skill level 22 in Dodging
 71991 | Vaults:3 | HP: 5/183 [titan/the air (11)]
 71993 | Vaults:3 | Elyvilon protects you from harm!
 71993 | Vaults:3 | Elyvilon protects you from harm!
 73079 | Orc:2    | Bought a scroll of acquirement for 1508 gold pieces
 73079 | Orc:2    | Bought a scroll of identify for 58 gold pieces
 73245 | D:10     | Bought a +6 ring of protection for 1326 gold pieces
 73737 | Depths:1 | Entered Level 1 of the Depths
 73745 | Depths:1 | Noticed pedritolo's ghost (journeyman VSFi)
 74479 | Depths:1 | Killed pedritolo's ghost
 74479 | Depths:1 | Reached XP level 23. HP: 190/190 MP: 34/34
 74492 | Depths:1 | Found a gateway to Hell.
 74807 | Depths:1 | Reached skill level 15 in Ice Magic
 74931 | Depths:1 | Found a glowing golden altar of the Shining One.
 75047 | Depths:1 | Gained mutation: Your magical capacity is low. (-10% MP) [a shining eye]
 76576 | D:6      | Bought a potion of curing for 42 gold pieces
 76576 | D:6      | Bought a potion of curing for 42 gold pieces
 76576 | D:6      | Bought a potion of curing for 42 gold pieces
 76576 | D:6      | Bought a potion of agility for 56 gold pieces
 77502 | Depths:1 | Got a crude steel ring
 77841 | Depths:1 | Noticed a golden dragon
 77860 | Depths:1 | Killed a golden dragon
 79581 | Depths:2 | Reached skill level 23 in Dodging
 79969 | Depths:2 | Found a one-way gate to the infinite horrors of the Abyss.
 80296 | Depths:2 | Noticed an ancient lich
 80729 | Depths:2 | Killed an ancient lich
 80886 | Depths:2 | Reached XP level 24. HP: 199/199 MP: 30/30
 80890 | Depths:2 | Identified the Catalogue of the Frostbite and the Blaze
 80895 | Depths:2 | Learned a level 2 spell: Ensorcelled Hibernation
 80910 | Depths:2 | Identified the ring "Etibroh" {rN+++ MR- Str+2 Int-4 Dex+6} (You took it off a hell knight on level 1 of the Depths)
 81749 | Depths:3 | Noticed a caustic shrike
 81761 | Depths:3 | Noticed a caustic shrike
 81765 | Depths:3 | Noticed a caustic shrike
 82000 | Depths:3 | Noticed a caustic shrike
 82006 | Depths:3 | Noticed a caustic shrike
 82029 | Depths:2 | Killed a caustic shrike
 82288 | Depths:2 | Killed a caustic shrike
 82378 | Depths:2 | Killed a caustic shrike
 82631 | Depths:3 | Killed a caustic shrike
 82710 | Depths:3 | Killed a caustic shrike
 83442 | Depths:3 | Found a deep blue altar of Sif Muna.
 83480 | Depths:3 | Found a one-way gate leading to the halls of Pandemonium.
 85839 | Depths:4 | Reached skill level 24 in Dodging
 86922 | Depths:4 | Reached XP level 25. HP: 129/210 MP: 18/30
 87160 | Depths:4 | Paralysed by a floating eye for 3 turns
 87172 | Depths:4 | Paralysed by a floating eye for 3 turns
 87191 | Depths:4 | Paralysed by a floating eye for 2 turns
 87210 | Depths:4 | Paralysed by a floating eye for 3 turns
 87222 | Depths:4 | Paralysed by a floating eye for 4 turns
 87231 | Depths:4 | Paralysed by a floating eye for 4 turns
 87242 | Depths:4 | Paralysed by a floating eye for 4 turns
 87900 | Depths:4 | Got a bound pewter ring
 87902 | Depths:4 | Identified the ring of Understanding {rF+ Int+2} (You took it off a vampire on level 4 of the Depths)
 88532 | Depths:4 | Paralysed by a vampire knight for 5 turns
 88832 | Depths:4 | Reached XP level 26. HP: 216/216 MP: 30/30
 88952 | Depths:5 | Entered Level 5 of the Depths
 89392 | Depths:5 | Got an agate-encrusted ring mail
 89473 | Depths:4 | Identified the +3 ring mail of Tender Moments {+Inv rPois MR- SInv} (You found it on level 5 of the Depths)
 90848 | Depths:5 | Found a gate to the Realm of Zot.
 90859 | Depths:5 | Reached skill level 25 in Dodging
 91336 | Depths:5 | Found a gateway to a ziggurat.
 92102 | Vaults:5 | Entered Level 5 of the Vaults
 93095 | Vaults:5 | Reached XP level 27. HP: 194/227 MP: 26/30
 93109 | Vaults:5 | Reached skill level 15 in Evocations
 93807 | Vaults:5 | Noticed an ancient lich
 94461 | Vaults:5 | Noticed Saint Roka
 94487 | Vaults:4 | Killed an ancient lich
 94795 | Vaults:4 | Killed Saint Roka
 95351 | Vaults:4 | Reached skill level 15 in Armour
 96757 | Vaults:5 | Noticed an ancient lich
 96780 | Vaults:5 | Killed an ancient lich
 96780 | Vaults:5 | Reached skill level 26 in Dodging
 96971 | Vaults:5 | Got a brightly glowing copper ring
 97000 | Vaults:5 | Identified the ring of the City {Ice Str+4 Int-3} (You took it off a vault warden on level 5 of the Vaults)
 97309 | Vaults:5 | Noticed an ancient lich
 97330 | Vaults:5 | Killed an ancient lich
 97755 | Vaults:5 | Got a scorched steel ring
 97756 | Vaults:5 | Identified the ring of Kindness {Str+4 Int+5} (You took it off a vault warden on level 5 of the Vaults)
 98661 | Vaults:4 | Upgraded the game from 0.20-a0-1008-g0de3dc5 to 0.20-a0-1015-g2ec8a95
 99131 | Vaults:5 | Identified the ring "Peng" {EV+1 Str+2} (You found it on level 5 of the Vaults)
 99149 | Vaults:5 | Identified the Disquisition on Poisonous Feathers
 99433 | Vaults:5 | Got a slimy marble ring
 99435 | Vaults:5 | Identified the ring of Divine Compulsion {rN+ Str+4 Dex+4} (You took it off a yaktaur captain on level 5 of the Vaults)
100091 | Vaults:5 | Got a silver rune of Zot
100672 | Elf:1    | Entered Level 1 of the Elven Halls
101804 | Elf:1    | Noticed Donald
101836 | Elf:1    | Killed Donald
102732 | Elf:2    | Found a runed gate.
102732 | Elf:2    | Found a runed gate.
102732 | Elf:2    | Found a runed gate.
103884 | Elf:3    | Entered Level 3 of the Elven Halls
104034 | Elf:3    | Found Gysyo's Food Boutique.
104135 | Elf:3    | Bought a royal jelly for 28 gold pieces
104231 | Elf:3    | Found Wotizxoe's Jewellery Shoppe.
104621 | Elf:3    | Found Saschaur's Distillery.
104626 | Elf:3    | Bought a potion of haste for 130 gold pieces
104626 | Elf:3    | Bought 2 potions of might for 104 gold pieces
104626 | Elf:3    | Bought a potion of curing for 39 gold pieces
104626 | Elf:3    | Bought a potion of curing for 39 gold pieces
104626 | Elf:3    | Bought a potion of mutation for 104 gold pieces
104626 | Elf:3    | Bought a potion of ambrosia for 104 gold pieces
104635 | Elf:3    | Found Ittalicw's Jewellery Emporium.
104820 | Elf:3    | Found Ezxiar's Assorted Antiques.
105818 | Crypt:1  | Entered Level 1 of the Crypt
107094 | Vaults:4 | Reached skill level 27 in Dodging
108524 | Zot:1    | Entered Level 1 of the Realm of Zot
109435 | Zot:2    | Noticed an orb of fire
109435 | Zot:2    | Gained mutation: Your spells are a little easier to cast, but a little less powerful. [an orb of fire]
109459 | Zot:2    | Gained mutation: Armour fits poorly on your strangely shaped body. [an orb of fire]
109478 | Zot:2    | Gained mutation: You are dopey. (Int -2) [an orb of fire]
109479 | Zot:2    | Killed an orb of fire
110370 | Zot:2    | Noticed an orb of fire
110633 | Zot:2    | Gained mutation: Your body sometimes deteriorates upon taking damage. [an orb of fire]
110640 | Zot:2    | Killed an orb of fire
110641 | Zot:2    | Lost mutation: Your magical capacity is low. (-10% MP) [potion of mutation]
110641 | Zot:2    | Lost mutation: Your body sometimes deteriorates upon taking damage. [potion of mutation]
110641 | Zot:2    | Lost mutation: Armour fits poorly on your strangely shaped body. [potion of mutation]
110641 | Zot:2    | Lost mutation: Your spells are a little easier to cast, but a little less powerful. [potion of mutation]
110641 | Zot:2    | Lost mutation: You are dopey. (Int -2) [potion of mutation]
110641 | Zot:2    | Gained mutation: Your spells are a little harder to cast, but a little more powerful. [potion of mutation]
110641 | Zot:2    | Gained mutation: You passively map a small area around you. [potion of mutation]
110641 | Zot:2    | Gained mutation: You have a pair of small horns on your head. [potion of mutation]
113054 | D:13     | Reached skill level 10 in Throwing
113129 | D:9      | Bought a potion of curing for 42 gold pieces
113129 | D:9      | Bought a potion of haste for 140 gold pieces
113129 | D:9      | Bought a potion of might for 56 gold pieces
113129 | D:9      | Bought a potion of ambrosia for 112 gold pieces
113129 | D:9      | Bought a potion of haste for 140 gold pieces
113129 | D:9      | Bought a potion of curing for 42 gold pieces
113129 | D:9      | Bought a potion of curing for 42 gold pieces
113129 | D:9      | Bought a potion of curing for 42 gold pieces
113129 | D:9      | Bought a potion of curing for 42 gold pieces
113129 | D:9      | Bought a potion of mutation for 112 gold pieces
113296 | Orc:2    | Bought 3 potions of curing for 108 gold pieces
113296 | Orc:2    | Bought 2 potions of agility for 96 gold pieces
113296 | Orc:2    | Bought a potion of might for 48 gold pieces
113296 | Orc:2    | Bought a potion of cancellation for 96 gold pieces
113610 | D:6      | Bought a potion of agility for 56 gold pieces
113610 | D:6      | Bought a potion of berserk rage for 70 gold pieces
113610 | D:6      | Bought a potion of agility for 56 gold pieces
113896 | Elf:3    | Bought a potion of resistance for 270 gold pieces
114714 | Elf:3    | Bought a bread ration for 70 gold pieces
114714 | Elf:3    | Bought a bread ration for 70 gold pieces
114714 | Elf:3    | Bought a bread ration for 70 gold pieces
114714 | Elf:3    | Bought a bread ration for 70 gold pieces
114714 | Elf:3    | Bought a meat ration for 70 gold pieces
114714 | Elf:3    | Bought a bread ration for 70 gold pieces
114714 | Elf:3    | Bought a meat ration for 70 gold pieces
116986 | Zot:5    | Entered Level 5 of the Realm of Zot
119052 | Zot:5    | Noticed an ancient lich
119077 | Zot:5    | Killed an ancient lich
119119 | Zot:5    | Noticed an ancient lich
119469 | Zot:5    | Killed an ancient lich
119483 | Zot:5    | Noticed an ancient lich
119498 | Zot:5    | Killed an ancient lich
119548 | Zot:5    | Noticed an ancient lich
120407 | Zot:5    | Noticed an ancient lich
120428 | Zot:5    | HP: 11/238 [ancient lich/bolt of acid (27)]
120428 | Zot:5    | HP: 2/238 [acid (9)]
120435 | Zot:5    | Slain by a green draconian monk

Vault maps used:
D:1:      tarquinn_simple_flora_water_e
D:2:      yredelemnul_altar_generic, overflow_temple_1_default,
          amethyst_overflow_temple_binary, kennysheep_generic_room_8
D:3:      uniq_terence
D:5:      minmay_temple_entry_from_below_b, first_bread, uniq_menkaure
D:6:      zin_statuary, dancing_weapons_uskayaw, serial_shops,
          nicolae_shop_waterfront, uniq_pikel, uniq_sigmund
D:7:      cheibrodos_shockbox, overflow_temple_1_default, lemuel_crystal_altar,
          elyvilon_altar_4
D:9:      kennysheep_mini_moat, serial_shops, kennysheep_mini, uniq_gastronok
D:10:     serial_shops, shop, uniq_erica
D:11:     grunt_lair_entry_orc_guard_hut, erik_orc_2, uniq_snorg, uniq_sonja,
          uniq_grum
D:12:     cheibrodos_statue_roulette, serial_column_ruins, column_ruins_grid_1,
          column_ruins_grid_1, column_ruins_columns_corner,
          column_ruins_open_tiny, column_ruins_columns_straight
D:13:     lightli_vaults_fourway_checkpoint, enter_bailey_2,
          hangedman_pestilent_swarm, minmay_tree_intersection
D:14:     grunt_decor_one_mirror, hangedman_abyss_or_decor_stagger, uniq_roxanne
D:15:     hangedman_depths_entry_try_elsewhere_first, basic_altar
Temple:   dshaligram_water_room_temple
Lair:1:   portal_ice_cave_entry_pillars_1, minivault_24, grunt_megastairs_3
Lair:2:   minmay_shoals_entry_lonely_mermaid, serial_bayou_pond_d, tgw_fedhas,
          minmay_lair_oklob_chamber, lemuel_fruit_fields
Lair:3:   nicolae_spider_entry_orb_guardian, serial_bayou, serial_bayou_lake_a,
          serial_bayou_ford_a, serial_bayou_pond_b, serial_bayou_crossing,
          serial_bayou_pond_d, infiniplex_staircase_pool_2
Lair:4:   beast_lair_carwin_7, grunt_megastairs_4, infiniplex_staircase_pool
Lair:5:   forest_entry_grove, grunt_megastairs_1, uniq_rupert, uniq_josephine
Lair:6:   evilmike_catoblepas_cave, slime_altar_1, serial_forest,
          infiniplex_forest_clump_medium, infiniplex_forest_corner_2,
          infiniplex_forest_straight_1, infiniplex_forest_lined_4_way,
          infiniplex_forest_clump_small, infiniplex_forest_clump_diagonal,
          infiniplex_forest_clump_medium, lab_entry_generic, lemuel_old_faithful
Shoals:1: regret_index_shoals_crete
Shoals:2: cheibrodos_shoals_baths
Shoals:3: nicolae_shoals_mertower
Shoals:4: shoals_end_simple, shoals_ilsuiw_alternative, lemuel_oklob_altar,
          uniq_polyphemus
Spider:2: spiders_nest_scorpion_pit, minivault_29, uniq_nikola
Spider:3: special_room, spider_trap, nicolae_spider_nook
Spider:4: spider_rune_water, nicolae_spider_shape
Orc:1:    basic_altar
Orc:2:    st_orc_rangers, rock_pile
Elf:1:    elf_arrival_002, uniq_donald
Elf:3:    elf_hall, serial_shops, shop, nicolae_shop_trees,
          nicolae_shop_window_shopping, nicolae_shop_overgrown_old_shop, shop,
          minivault_16
Vaults:1: nicolae_vaults_little_squares_6,
          vaults_standard_mumra_enter_the_diamond, vaults_mumra_chevron_long,
          hangedman_vaults_maws, ontoclasm_vaults_bender,
          vaults_room_grunt_arrival_ludios, vaults_dpeg_cross, v_misc_29,
          v_misc_28, vaults_dpeg_ring, vaults_mumra_hexcomb, v_alt_pattern_1,
          v_misc_17, vaults_room_pool, ontoclasm_vaults_idyll, serial_shops,
          nicolae_shop_overgrown_old_shop
Vaults:2: v_pattern_5, vaults_room_guarded_vault, nicolae_vaults_alarming,
          vaults_room_fancy_cross, dpeg_vaults_monster_row,
          nicolae_vaults_mini_display_case, v_misc_27, vaults_mumra_hex,
          uniq_xtahua
Vaults:3: nicolae_vaults_border_crossing, grunt_vaults_hallway_long,
          ontoclasm_vaults_pinch, minmay_crypt_entry_nasty_monster,
          serial_shops, shop, basic_altar
Vaults:4: nicolae_vaults_murderbox, vaults_room_stairs_pillars,
          nicolae_vaults_little_squares_2, nicolae_vaults_network_quincunx,
          nicolae_vaults_network_quinsquares, v_alt_pattern_6,
          ontoclasm_vaults_chip, vaults_standard_mumra_lines, v_misc_32,
          uniq_jorgrun
Vaults:5: uniq_saint_roka
Crypt:2:  weyrava_lich_vault
Depths:1: lemuel_traditional_vault, minmay_misc_feat_cross, hell_entry,
          tso_altar
Depths:2: cheibrodos_cascadia, hex_intersection, abyss_entry,
          grunt_mini_vestibule, minmay_staircase_bubble
Depths:3: kennysheep_ogre_elephant_herders, pf_hell_entry_tar_river,
          lemuel_crystal_altar, pan_entry, infiniplex_staircase_squiggle,
          serial_bayou_shore_a
Depths:4: lemuel_river_lethe, hell_entry, abyss_entry
Depths:5: grunt_zot_entry_bicorn, enter_ziggurat_c, hell_entry,
          lightli_corner_chamber
Zot:1:    kennysheep_oblong_rooms, grunt_ministairs_2
Zot:4:    hangedman_player_shredder, basic_stair_grate_trap
Bailey:   bailey_polearm_flooded_kennysheep, bailey
IceCv:    ice_cave_small_necro

Skill      XL: |  1  2  3  4  5  6  7  8  9 10 11 12 13 14 15 16 17 18 19 20 21 22 23 24 25 26 27 |
---------------+----------------------------------------------------------------------------------+-----
Polearms       | 5 6 7 8 9 10 11 13 14 16 17 18 19 20 | 20.4
Fighting       | 3 4 5 6 7 8 9 10 11 12 13 14 15 16 17 18 19 20 24 | 24.0
Armour         | 1 2 3 4 5 6 7 8 9 10 11 12 13 14 17 | 17.5
Dodging        | 5 6 7 8 10 11 12 14 15 16 18 19 20 21 22 23 24 25 27 | 27.0
Invocations    | 1 4 5 6 8 9 11 12 13 14 15 | 15.0
Evocations     | 3 5 7 8 9 10 11 12 13 14 19 | 19.2
Throwing       | 3 5 7 8 11 | 11.9
Summonings     | 4 6 |  6.1
Ice Magic      | 9 14 16 17 | 17.6

Action                   |  1- 3 |  4- 6 |  7- 9 | 10-12 | 13-15 | 16-18 | 19-21 | 22-24 | 25-27 || total
-------------------------+-------+-------+-------+-------+-------+-------+-------+-------+-------++-------
Melee: Trident           |   155 |    60 |       |     6 |       |       |       |       |       ||   221
       Halberd           |       |    87 |   331 |  1036 |  1205 |       |       |       |       ||  2659
       Staff             |       |       |       |     4 |       |       |       |       |       ||     4
       Scimitar          |       |       |       |       |    57 |     8 |     5 |       |       ||    70
       Tailslap          |       |       |       |       |     7 |    15 |    59 |    19 |     2 ||   102
       Glaive            |       |       |       |       |   718 |  1258 |  2054 |  2550 |  3646 || 10226
       Headbutt          |       |       |       |       |       |       |       |       |   313 ||   313
 Fire: Hunting sling     |    11 |    13 |    12 |       |     5 |       |       |       |       ||    41
Throw: Throwing net      |     4 |     4 |     2 |       |       |     4 |       |       |     6 ||    20
       Stone             |     1 |    40 |    91 |   231 |   279 |       |       |       |       ||   642
       Tomahawk          |       |       |       |    59 |    18 |    11 |    98 |       |       ||   186
       Javelin           |       |       |       |       |    12 |   381 |   363 |   461 |   761 ||  1978
 Cast: Summon Ice Beast  |       |       |       |       |       |       |       |    71 |    17 ||    88
       Ensorcelled Hiber |       |       |       |       |       |       |       |     2 |     3 ||     5
Invok: Lesser Healing    |       |       |     1 |     3 |    16 |     1 |    22 |    10 |     7 ||    60
       Purification      |       |       |       |     3 |     1 |     2 |     1 |       |       ||     7
       Greater Healing   |       |       |       |     5 |    14 |    20 |    21 |     7 |    27 ||    94
       Heal Other        |       |       |       |     1 |     3 |       |     4 |       |     2 ||    10
       Divine Protection |       |       |       |       |       |       |       |     2 |     2 ||     4
 Abil: Stop Flying       |       |       |       |       |       |       |       |       |     1 ||     1
Evoke: Wand              |       |       |       |    14 |     5 |    52 |    37 |     8 |    24 ||   140
       Sack of spiders   |       |       |       |       |     1 |       |     1 |       |       ||     2
       Box of beasts     |       |       |       |       |       |     1 |     4 |     8 |     6 ||    19
       Fan of gales      |       |       |       |       |       |       |     1 |       |       ||     1
  Use: Scroll            |     2 |     7 |     5 |     8 |    12 |    19 |    16 |    17 |    22 ||   108
       Potion            |       |       |     2 |     2 |     3 |     9 |    18 |    13 |    21 ||    68
 Stab: Held in net/web   |     2 |       |     1 |       |       |     2 |       |       |     1 ||     6
       Invisible         |       |       |     5 |       |       |       |       |       |       ||     5
       Distracted        |       |       |     1 |       |       |       |     3 |    15 |     4 ||    23
       Sleeping          |       |       |       |     2 |     1 |       |     1 |       |     2 ||     6
       Petrified         |       |       |       |       |     9 |       |     5 |       |       ||    14
       Petrifying        |       |       |       |       |     1 |       |       |       |       ||     1
       Confused          |       |       |       |       |       |     9 |     7 |       |       ||    16
       Paralysed         |       |       |       |       |       |     7 |     8 |       |     2 ||    17
  Eat: Chunk             |     3 |     8 |    15 |    18 |    43 |    18 |    34 |    54 |    37 ||   230
       Fruit             |       |       |       |     2 |     1 |     1 |       |       |     6 ||    10
       Bread ration      |       |       |       |     2 |     3 |     5 |       |       |     8 ||    18
       Royal jelly       |       |       |       |     2 |     1 |       |     4 |    10 |    15 ||    32
       Meat ration       |       |       |       |       |     1 |     3 |     6 |     3 |     5 ||    18
Armor: Scale mail        |    14 |       |       |       |       |       |       |       |       ||    14
       Ring mail         |    40 |    32 |    58 |    89 |       |       |       |       |       ||   219
       Troll leather arm |       |       |       |    94 |    23 |       |       |       |       ||   117
       Plate armour      |       |       |       |       |   578 |   757 |   516 |       |       ||  1851
       Fire dragon scale |       |       |       |       |       |       |    58 |   637 |  1059 ||  1754
Dodge: Dodged            |    84 |    78 |   165 |   665 |  1497 |  1327 |  2014 |  2765 |  3921 || 12516
       Rpst.: Scimitar   |       |       |       |       |    17 |     2 |       |       |       ||    19
